cohdb
Replays
Latest Replays
All Replays
Popular Replays
Top Player Replays
Match Explorer
How It Works
Community
CoH3 Stats
Reddit
Sign in to upload your games and track your stats! →
Sign in with Steam
Match 37589405
Unlisted
Match 37589405
Overview
Messages
Build Orders
End
Construct Section Command Post
Dingo Light Scout Car
Infantry Section
Infantry Section
ML 3-inch Mortar Team
Construct Platoon Command Post
CMP 15cwt Truck
Infantry Section
Selects Air and Sea Battlegroup
Selects Supply Surplus
Infantry Training
Construct Resource Cache
Construct Resource Cache
Construct Company Command Post
Selects Commando Section Paradrop
Selects Commando Support Section Paradrop
Crusader II Medium Tank
Crusader II Medium Tank
Armored Vehicle Training
Commando Support Section Paradrop
Crusader II Medium Tank
Construct Resource Cache
Crusader II Medium Tank
Selects Anti-tank Rocket Loiter
Anti-tank Rocket Loiter
Forward Retreat Point
Unlock M3 Grant Medium Tanks
Anti-tank Rocket Loiter
M3 Grant Medium Tank
M3 Grant Medium Tank
M3 Grant Medium Tank
M3 Grant Medium Tank
Grenade Package
Selects Centaur Medium Tank
Anti-tank Rocket Loiter
Royal Engineer Section
Anti-tank Rocket Loiter
M3 Grant Medium Tank
Selects Naval Bombardment
Anti-tank Rocket Loiter
Commando Support Section Paradrop
jun001122
Sabom
답답하면니들이쏘던지
CppMonster
HulkSMASH
Seiun Sky
睡不醒的猫
Voodoo408
0
0
Comments
sign in to comment!
No comments posted yet!